 Dungeon Crawl Stone Soup version 0.27.1-3-gb3d3a73c9e (webtiles) character file.

Game seed: 1320001387883315738

4335 sking99 the Cleaver (level 10, 0/79 HPs)
             Began as a Demonspawn Fighter on Oct 13, 2021.
             Was a Believer of Qazlal.
             Slain by a komodo dragon (shapeshifter) (11 damage)
             ... on level 8 of the Dungeon.
             The game lasted 00:14:07 (8834 turns).

sking99 the Cleaver (Demonspawn Fighter)            Turns: 8834, Time: 00:14:08

Health: 0/79       AC: 13    Str: 20    XL:     10   Next: 12%
Magic:  13/13      EV:  9    Int: 10    God:    Qazlal [**....]
Gold:   302        SH: 13    Dex: 12    Spells: 9/9 levels left

rFire    . . .     SeeInvis .   u - +5 war axe
rCold    . . .     Faith    .   c - +0 kite shield
rNeg     . . .     Spirit   .   i - +0 chain mail
rPois    .         Reflect  .   (no helmet)
rElec    .         Harm     .   (no cloak)
rCorr    .         Rampage  .   s - +1 pair of gloves
Will     .....                  v - +0 pair of boots
Stlth    ..........             r - amulet of regeneration
HPRegen  1.23/turn              (no ring)
MPRegen  0.13/turn              (no ring)

@: no status effects
A: hooves 2, repulsion field 2, spiny 2
a: Renounce Religion, Upheaval


You were on level 8 of the Dungeon.
You worshipped Qazlal.
Qazlal was pleased with you.
You visited 2 branches of the dungeon, and saw 9 of its levels.
You also visited: Ossuary.

You collected 302 gold pieces.

Inventory:

Hand Weapons
 u - a +5 war axe (weapon)
Armour
 c - a +0 kite shield (worn)
 i - a +0 chain mail (worn)
 s - a +1 pair of gloves (worn)
 v - a +0 pair of boots (worn)
Jewellery
 k - a ring of protection from cold
 r - an amulet of regeneration (around neck)
Wands
 a - a wand of polymorph (5)
 l - a wand of iceblast (13)
 x - a wand of paralysis (9)
Scrolls
 b - a scroll of acquirement {unknown}
 e - 3 scrolls of enchant weapon
 q - 3 scrolls of identify
 t - 3 scrolls of enchant armour
 y - a scroll of teleportation
Potions
 d - a potion of might
 f - 5 potions of curing {unknown}
 g - a potion of lignification
 h - 2 potions of heal wounds
 j - a potion of flight
 m - 5 potions of haste {unknown}
 n - 2 potions of brilliance {unknown}
 o - a potion of cancellation {unknown}
 p - a potion of resistance
 w - a potion of magic {unknown}


   Skills:
 + Level 7.0 Fighting
 * Level 8.5 Axes
 + Level 6.4 Armour
 + Level 6.4 Shields
 + Level 4.8 Invocations


You had 9 spell levels left.
You didn't know any spells.
Your spell library contained the following spells:

 Spells                   Type           Power      Damage    Failure   Level
 Pain                     Necr           0%         1d4       100%        1
 Call Canine Familiar     Summ           0%         N/A       100%        3
 Portal Projectile        Hex/Tloc       0%         N/A       100%        3
 Leda's Liquefaction      Hex/Erth       0%         N/A       100%        4
 Agony                    Necr           0%         N/A       100%        5
 Blade Hands              Tmut           0%         N/A       100%        5
 Bolt of Magma            Conj/Fire/Erth 0%         4d4       100%        5
 Excruciating Wounds      Necr           0%         N/A       100%        5
 Summon Forest            Summ/Tloc      0%         N/A       100%        5
 Eringya's Noxious Bog    Tmut/Pois      0%         N/A       100%        6
 Statue Form              Tmut/Erth      0%         N/A       100%        6
 Summon Hydra             Summ           0%         N/A       100%        7


Dungeon Overview and Level Annotations

Branches:
Dungeon (8/15)             Temple (1/1) D:6         Ossuary (visited)
   Lair: D:8-11

Altars:
Ashenzari
Cheibriados
Dithmenos
Elyvilon
Gozag
Hepliaklqana
Kikubaaqudgha
Makhleb
Nemelex Xobeh
Okawaru
Qazlal
Ru
Sif Muna
Trog
Uskayaw
Vehumet
Wu Jian
Xom
Yredelemnul
Zin
The Shining One

Shops:
D:1 =   D:8 ?


Innate Abilities, Weirdness & Mutations

You have hoof-like feet.
You are surrounded by a moderate repulsion field. (EV +3)
You are mostly covered in sharp spines.


Message History

2 centaur warriors come into view.
The centaur warrior shouts! x2
The centaur warrior wields a +0 shortbow.
The centaur warrior shoots an arrow.
You block the arrow.
The centaur warrior moves out of view.
The centaur warrior shoots an arrow.
The arrow hits you!
You hear an angry hiss.
The centaur warrior wields a +0 shortbow.
The centaur warrior shoots an arrow.
You block the arrow.
Found 2 red potions.
The centaur warrior unwields a +0 shortbow.
You block the centaur warrior's attack.
The centaur warrior kicks you but does no damage.
A komodo dragon comes into view.
The centaur warrior closely misses you.
The centaur warrior kicks you but does no damage.
Your chain mail prevents you from hitting the centaur warrior.
You barely miss the komodo dragon.
The centaur warrior hits you but does no damage.
The centaur warrior kicks you but does no damage.
The komodo dragon bites you.
You hit the centaur warrior.
The centaur warrior is lightly wounded.
You hit the komodo dragon. You block the centaur warrior's attack.
The centaur warrior kicks you but does no damage.
You block the centaur warrior's attack.
The centaur warrior kicks you but does no damage.
The komodo dragon is struck by your spines.
The komodo dragon bites you!!
You slash the centaur warrior!
The centaur warrior is moderately wounded.
You barely miss the komodo dragon.
The centaur warrior is struck by your spines.
The centaur warrior hits you.
The centaur warrior kicks you but does no damage.
The komodo dragon bites you!!
* * * LOW HITPOINT WARNING * * *
The centaur warrior hits you but does no damage.
You block the centaur warrior's attack. The komodo dragon bites you!
You die...

........##+# #..#.
#######.....##.# #..#.
#.....#.....##.########..#.
#.∩.>.#.................>#?
#.....#...################.
#######...# #.#!##
#.....)##.##.....#
#......##.#l......
#...)).##.@#
#...)).##.#c......
###.)####.##.....# ##.# #..
#.#.## #.# ##. ## # ... .
#.. #. .... ##..


You could see a centaur warrior and a komodo dragon.

Vanquished Creatures
  A troll (D:7)
  A hornet (D:8)
  Sigmund (D:5)
  A wyvern (D:7)
  A steam dragon (D:6)
  2 water moccasins (D:7)
  Purgy (D:3)
  3 black bears
  3 sky beasts
  An ice beast (D:7)
  A necrophage (D:7)
  3 ogres
  A centaur (D:8)
  4 phantoms
  A kobold brigand (D:8)
  A bullfrog (D:6)
  3 scorpions
  A water moccasin zombie (D:6)
  8 killer bees (D:7)
  5 wights (D:6)
  A howler monkey (D:8)
  3 centaur zombies
  A human zombie (Ossuary)
  2 jellies (D:5)
  A bullfrog skeleton (D:5)
  3 gnoll shamans
  A centaur skeleton (D:4)
  A hound (D:5)
  3 iguanas
  2 orc wizards (D:6)
  5 mummies (Ossuary)
  5 adders
  17 gnolls
  A shadow imp (D:6)
  A white imp (D:5)
  An adder skeleton (D:5)
  5 worms
  3 dart slugs
  19 orcs
  7 endoplasms
  5 giant cockroaches
  9 goblins
  9 hobgoblins
  4 jackals (D:3)
  10 kobolds
  4 quokkas
  5 ball pythons
  2 bats (D:1)
  4 frilled lizards
  A gnoll zombie (Ossuary)
  A hobgoblin zombie (Ossuary)
  A kobold zombie (Ossuary)
  2 orc zombies (Ossuary)
  A quokka skeleton (D:4)
  5 rats
188 creatures vanquished.

Vanquished Creatures (others)
  An orc (D:3)
1 creature vanquished.

Grand Total: 189 creatures vanquished

Notes
Turn   | Place    | Note
-------+----------+-------------------------------------------
     0 | D:1      | sking99 the Demonspawn Fighter began the quest for the Orb.
     0 | D:1      | Reached XP level 1. HP: 18/18 MP: 1/1
   243 | D:1      | Reached skill level 2 in Axes
   484 | D:1      | Gained mutation: You are surrounded by a mild repulsion
                  | field. (EV +2) [demonic ancestry]
   484 | D:1      | Reached XP level 2. HP: 19/24 MP: 2/2
   739 | D:1      | Found Ohumpyad's Jewellery Shop.
  1321 | D:2      | Found a shimmering altar of Xom.
  1350 | D:2      | Gained mutation: You are partially covered in sharp spines.
                  | [demonic ancestry]
  1350 | D:2      | Reached XP level 3. HP: 25/29 MP: 3/3
  2242 | D:3      | Gained mutation: You are mostly covered in sharp spines.
                  | [demonic ancestry]
  2242 | D:3      | Reached XP level 4. HP: 33/35 MP: 4/4
  2300 | D:3      | Reached skill level 3 in Axes
  2363 | D:3      | Noticed Purgy
  2380 | D:3      | Killed Purgy
  2381 | D:3      | Gained mutation: You are surrounded by a moderate repulsion
                  | field. (EV +3) [demonic ancestry]
  2381 | D:3      | Reached XP level 5. HP: 20/42 MP: 5/5
  3067 | D:4      | Noticed an ogre
  3121 | D:3      | HP: 2/42 [ogre (20)]
  3122 | D:3      | Killed an ogre
  3123 | D:3      | Reached skill level 4 in Axes
  3123 | D:3      | Reached XP level 6. HP: 3/48 MP: 6/6
  3794 | D:4      | Gained mutation: You have large cloven feet. [demonic
                  | ancestry]
  3794 | D:4      | Reached XP level 7. HP: 53/55 MP: 7/7
  4458 | D:5      | Entered Level 5 of the Dungeon
  4464 | D:5      | Noticed Sigmund
  4473 | D:5      | Killed Sigmund
  4474 | D:5      | Reached skill level 5 in Axes
  4829 | D:5      | Reached skill level 5 in Fighting
  4935 | D:5      | Gained mutation: You have hoof-like feet. [demonic
                  | ancestry]
  4935 | D:5      | Reached XP level 8. HP: 57/62 MP: 8/8
  5209 | D:5      | Reached skill level 6 in Axes
  5509 | D:6      | Found a sand-covered staircase.
  5514 | Ossuary  | Entered an ossuary
  5710 | Ossuary  | Reached skill level 5 in Armour
  5710 | Ossuary  | Reached skill level 5 in Shields
  6019 | D:6      | Found a staircase to the Ecumenical Temple.
  6029 | Temple   | Entered the Ecumenical Temple
  6317 | Temple   | Became a worshipper of Qazlal Stormbringer
  6384 | D:6      | Reached skill level 1 in Invocations
  6776 | D:6      | Reached skill level 7 in Axes
  6776 | D:6      | Reached XP level 9. HP: 61/69 MP: 8/10
  7634 | D:7      | Reached * piety under Qazlal
  8042 | D:7      | Reached skill level 8 in Axes
  8286 | D:7      | Noticed a troll
  8305 | D:7      | Killed a troll
  8471 | D:7      | Reached XP level 10. HP: 77/77 MP: 13/13
  8790 | D:8      | Found Kahurad's Magic Scroll Emporium.
  8817 | D:8      | Reached ** piety under Qazlal
  8828 | D:8      | Noticed a centaur warrior
  8828 | D:8      | Noticed a centaur warrior
  8834 | D:8      | Slain by a komodo dragon (shapeshifter)

Illustrated notes

Levels and vault maps discovered:
D:1:      sevenhm_arrival_forest_fort_small_6, layout_basic, serial_shops, shop,
          minmay_tetromino_s4
D:2:      layout_basic, basic_altar, grunt_decor_arrowhead,
          guppyfry_early_orc_mine
D:3:      layout_loops_ring, gup_sewer_entry_bowl, uniq_purgy
D:4:      layout_loops_ring, chequers_serial_rivers_large_b
D:5:      layout_rooms, uniq_sigmund
D:6:      layout_basic, minmay_temple_entry_waves, enter_ossuary_2
D:7:      layout_loops_ring, eino_jars
D:8:      minmay_bloctagon_deflated, layout_basic, mainiacjoe_overflow_alcove_4,
          dpeg_oklobed_lair, serial_shops, nicolae_take_the_stairs, uniq_joseph
Temple:   kilobyte_greek_temple

Skill      XL: |  1  2  3  4  5  6  7  8  9 10 |
---------------+-------------------------------+-----
Axes           | 2 3 4 5 7 8 |  8.5
Armour         | 3 4 5 6 |  6.4
Shields        | 3 4 5 6 |  6.4
Fighting       | 4 5 6 7 |  7.0
Invocations    | 1 4 |  4.8

Action                   |  1- 3 |  4- 6 |  7- 9 | 10-12 || total
-------------------------+-------+-------+-------+-------++-------
Melee: War axe           |   102 |    88 |   277 |    26 ||   493
       Kick              |       |       |    75 |       ||    75
  Use: Scroll            |     3 |     1 |     8 |       ||    12
Armor: Scale mail        |    44 |       |       |       ||    44
       Chain mail        |    23 |    51 |   120 |    21 ||   215
Dodge: Dodged            |    33 |    34 |    90 |    14 ||   171
Block: Kite shield       |    68 |    47 |   173 |    21 ||   309
